 Dungeon Crawl Stone Soup version 0.22.1-1-ga44c0e5 (webtiles) character file.

9302 mandick the Fighter (level 11, -14/104 HPs)
             Began as a Hill Orc Fighter on Oct 1, 2018.
             Was a High Priest of Okawaru.
             Demolished by Unusorut's ghost (30 damage)
             ... on level 1 of the Orcish Mines.
             The game lasted 00:26:21 (9384 turns).

mandick the Fighter (Hill Orc Fighter)              Turns: 9384, Time: 00:26:22

Health: -14/104    AC: 18    Str: 28    XL:     11   Next: 44%
Magic:  6/11       EV:  9    Int:  8    God:    Okawaru [*****.]
Gold:   751        SH: 13    Dex: 10    Spells: 10/10 levels left

rFire    . . .     SeeInvis .   J - +8 autumn katana {slice, Clar}
rCold    . . .     Gourm    .   c - +0 shield
rNeg     . . .     Faith    .   t - +0 scale mail
rPois    .         Spirit   .   h - +0 helmet
rElec    .         Reflect  .   B - +0 cloak
rCorr    .         Harm     .   F - +1 pair of gloves
MR       .....     Clarity  +   A - +2 pair of boots
Stlth    ..........             (no amulet)
HPRegen  0.27/turn              (no ring)
MPRegen  0.12/turn              (no ring)

@: mighty
A: no striking features
a: Heroism, Finesse, Renounce Religion


You were on level 1 of the Orcish Mines.
You worshipped Okawaru.
Okawaru was extremely pleased with you.
You were not hungry.

You visited 3 branches of the dungeon, and saw 11 of its levels.
You also visited: Sewer.

You collected 751 gold pieces.

Inventory:

Hand Weapons
 a - a +0 war axe
 b - a +0 blowgun
 J - the +8 autumn katana (weapon) {slice, Clar}
   (You found it on level 6 of the Dungeon)

   It inflicts extra damage upon your enemies.
   It protects you against confusion.
Missiles
 g - 7 tomahawks (quivered)
 u - 94 poisoned needles
 O - 4 throwing nets
Armour
 c - a +0 shield (worn)
 h - a +0 helmet (worn)
 t - a +0 scale mail (worn)
 x - a +0 leather armour of cold resistance
 A - a +2 pair of boots (worn)
 B - a +0 cloak (worn)
 F - a +1 pair of gloves (worn)
 L - a +3 leather armour of poison resistance
Jewellery
 K - an uncursed ring of protection from fire {unknown}
 P - an uncursed ring of protection from cold {unknown}
Wands
 y - a wand of acid (5)
 G - a wand of iceblast (9)
 I - a wand of flame (39)
 Q - a wand of paralysis (18)
Scrolls
 e - 3 scrolls of enchant armour {unknown}
 j - 5 scrolls of amnesia
 l - a scroll of random uselessness {unknown}
 m - 3 scrolls of fear
 n - 3 scrolls of teleportation
 p - a scroll of blinking
 q - 5 scrolls of remove curse {unknown}
 r - 4 scrolls of fog
 z - 4 scrolls of enchant weapon {unknown}
 E - a scroll of immolation
 H - a scroll of brand weapon {unknown}
 M - a scroll of acquirement {unknown}
 R - a scroll of vulnerability {unknown}
Potions
 d - 2 potions of might
 k - 2 potions of brilliance
 o - a potion of cancellation
 s - 5 potions of heal wounds
 v - 7 potions of curing
 w - 2 potions of flight
 C - 2 potions of lignification
 D - 4 potions of degeneration
Comestibles
 f - 23 rations
 N - 3 chunks of flesh


   Skills:
 + Level 11.8 Fighting
 - Level 7.9 Axes
 + Level 11.0 Armour
 + Level 10.9 Shields


You had 10 spell levels left.
You didn't know any spells.
Your spell library contained the following spells:

 Spells                   Type           Power        Failure   Level  Hunger
 Animate Skeleton         Necr           N/A          80%         1    ##.....
 Apportation              Tloc           #.....       80%         1    ##.....
 Confusing Touch          Hex            #.....       80%         1    ##.....
 Sandblast                Erth           #.....       80%         1    ##.....
 Summon Small Mammal      Summ           #...         80%         1    ##.....
 Passwall                 Tmut/Erth      #.......     90%         2    ###....
 Stone Arrow              Conj/Erth      #.....       99%         3    ####...
 Petrify                  Tmut/Erth      #.......     100%        4    #####..
 Lee's Rapid Deconstruct  Erth           #.........   100%        5    ######.


Dungeon Overview and Level Annotations

Branches:
Dungeon (9/15)             Temple (1/1) D:6             Orc (1/2) D:9
   Lair: D:8-11

Altars:
Ashenzari
Cheibriados
Dithmenos
Elyvilon
Fedhas
Gozag
Hepliaklqana
Kikubaaqudgha
Makhleb
Nemelex Xobeh
Okawaru
Qazlal
Ru
Sif Muna
Trog
Uskayaw
Vehumet
Wu Jian
Xom
Yredelemnul
Zin
The Shining One

Shops:
D:4 }(!   D:9 [

Annotations:
D:5 3 runed doors, TheNamelessOne's ghost, novice FoFi
Orc:1 Unusorut's ghost, journeyman MiBe


Message History

Unusorut's ghost is heavily damaged.
You feel like a meek peon again.
Unusorut's ghost hits you but does no damage.
You barely miss Unusorut's ghost.
Unusorut's ghost is heavily damaged.
Unusorut's ghost hits you!!! Unusorut's ghost burns you.
Unusorut's ghost hits you! Unusorut's ghost burns you.
You slash Unusorut's ghost!
Unusorut's ghost is severely damaged.
Unusorut's ghost closely misses you.
You slash Unusorut's ghost!
Unusorut's ghost is severely damaged.
Unusorut's ghost hits you!!
* * * LOW HITPOINT WARNING * * *
Unusorut's ghost burns you!
* * * LOW HITPOINT WARNING * * *
You slash Unusorut's ghost!
Unusorut's ghost is severely damaged.
Unusorut's ghost hits you!!
You die...

## ####.##
##.#...#
##.....#
##.....$#
#....§@§#
##..##W##
#<.#§o§#
#....#§§§#
#.....#§§§#
#.#...>#####
#. ...... #
..#....#
........#


You could see an orc knight and Unusorut's ghost.

Vanquished Creatures
  Harold (D:8)
  Erica (D:9)
  2 two-headed ogres
  Pikel (D:8)
  A deep elf mage (D:8)
  A cyclops (D:8)
  A centaur skeleton (D:9)
  A hungry ghost (D:7)
  Grum (D:9)
  A wyvern (D:8)
  Eustachio (D:5)
  Menkaure (D:5)
  A water moccasin (D:5)
  5 orc warriors
  4 ice beasts
  A sky beast (D:5)
  3 black bears
  4 slaves (D:8)
  3 wolves (D:9)
  3 ogres
  A centaur (D:7)
  6 big kobolds
  5 bullfrogs
  2 scorpions
  8 killer bees
  5 wights (D:8)
  4 crimson imps
  9 orc priests
  4 hounds
  9 orc wizards
  A bullfrog skeleton (D:7)
  Natasha (twice) (D:4)
  An iguana (D:9)
  6 worker ants
  9 adders
  7 river rats (Sewer)
  2 shadow imps
  2 oozes
  An adder skeleton (D:9)
  An adder zombie (D:7)
  5 worms
  A dart slug (D:2)
  4 leopard geckos
  29 orcs
  A giant cockroach (D:6)
  12 goblins
  7 hobgoblins
  3 jackals (D:2)
  4 quokkas
  4 ball pythons
  11 bats
  4 frilled lizards
  29 kobolds
  23 rats
259 creatures vanquished.

Notes
Turn   | Place    | Note
-------+----------+-------------------------------------------
     0 | D:1      | mandick the Hill Orc Fighter began the quest for the Orb.
     0 | D:1      | Reached XP level 1. HP: 19/19 MP: 1/1
   105 | D:1      | Reached XP level 2. HP: 24/27 MP: 2/2
  1045 | D:2      | Reached XP level 3. HP: 28/33 MP: 3/3
  1162 | D:2      | Reached XP level 4. HP: 35/40 MP: 4/4
  1846 | D:3      | Found a glowing drain.
  1859 | Sewer    | Entered a sewer
  1954 | Sewer    | Reached XP level 5. HP: 43/47 MP: 5/5
  2393 | Sewer    | Reached skill level 5 in Fighting
  2405 | Sewer    | Noticed a big kobold
  2416 | Sewer    | Killed a big kobold
  2416 | Sewer    | Reached XP level 6. HP: 47/56 MP: 6/6
  2510 | Sewer    | Reached skill level 5 in Axes
  2510 | Sewer    | Reached skill level 5 in Armour
  2516 | Sewer    | Reached skill level 5 in Shields
  2516 | Sewer    | Reached XP level 7. HP: 35/61 MP: 7/7
  3321 | D:4      | Found Kuodyzae's Gadget Emporium.
  3694 | D:4      | Noticed Natasha
  3702 | D:4      | Killed Natasha
  3831 | D:4      | Found Jafio's Distillery.
  3838 | D:4      | Noticed Natasha
  3848 | D:4      | Killed Natasha
  4067 | D:4      | Found Muvue's Antique Weapon Boutique.
  4219 | D:5      | Entered Level 5 of the Dungeon
  4305 | D:5      | Found a runed gate.
  4305 | D:5      | Found a runed gate.
  4306 | D:5      | Found a runed gate.
  4324 | D:5      | Reached XP level 8. HP: 58/71 MP: 8/8
  4587 | D:5      | Noticed Menkaure
  4594 | D:5      | Killed Menkaure
  4601 | D:5      | Noticed Eustachio
  4612 | D:5      | Killed Eustachio
  4664 | D:5      | Found a shadowy altar of Dithmenos.
  4904 | D:5      | Noticed TheNamelessOne's ghost (novice FoFi)
  5418 | D:6      | Found a staircase to the Ecumenical Temple.
  5450 | Temple   | Entered the Ecumenical Temple
  5551 | Temple   | Became a worshipper of Warmaster Okawaru
  5610 | D:6      | Reached XP level 9. HP: 50/79 MP: 9/9
  5847 | D:6      | Found the +8 autumn katana {slice, Clar}
  6636 | D:7      | Reached * piety under Okawaru
  7287 | D:8      | Noticed a cyclops
  7300 | D:8      | Killed a cyclops
  7300 | D:8      | Reached ** piety under Okawaru
  7300 | D:8      | Reached XP level 10. HP: 49/91 MP: 7/10
  7394 | D:8      | HP: 4/92 [poisoned by an orc wizard]
  7399 | D:8      | HP: 3/92 [poisoned by an orc wizard]
  7404 | D:8      | HP: 2/92 [poisoned by an orc wizard]
  7411 | D:8      | HP: 2/92 [poisoned by an orc wizard]
  7419 | D:8      | HP: 2/92 [poisoned by an orc wizard]
  7804 | D:8      | Noticed Pikel
  7886 | D:8      | Killed Pikel
  7886 | D:8      | Reached *** piety under Okawaru
  7886 | D:8      | Reached skill level 10 in Fighting
  8019 | D:8      | Noticed a deep elf mage
  8024 | D:8      | Killed a deep elf mage
  8107 | D:8      | Noticed Harold
  8107 | D:8      | Noticed a two-headed ogre
  8149 | D:7      | Killed a two-headed ogre
  8149 | D:7      | Reached **** piety under Okawaru
  8236 | D:8      | Killed Harold
  8236 | D:8      | Reached skill level 10 in Armour
  8236 | D:8      | Reached skill level 10 in Shields
  8466 | D:8      | Reached XP level 11. HP: 90/102 MP: 11/11
  8938 | D:9      | Noticed Erica
  8947 | D:9      | Killed Erica
  8972 | D:9      | Reached ***** piety under Okawaru
  8973 | D:9      | Found a burning altar of Makhleb.
  9043 | D:9      | Found a staircase to the Orcish Mines.
  9043 | D:9      | Found Yhiemek's Armour Emporium.
  9100 | D:9      | Noticed Grum
  9113 | D:9      | Killed Grum
  9346 | Orc:1    | Entered Level 1 of the Orcish Mines
  9346 | Orc:1    | Noticed a two-headed ogre
  9348 | Orc:1    | Found a runed door.
  9348 | Orc:1    | Noticed Unusorut's ghost (journeyman MiBe)
  9348 | Orc:1    | Noticed an orc knight
  9350 | Orc:1    | Killed a two-headed ogre
  9384 | Orc:1    | Demolished by Unusorut's ghost

Skill      XL: |  1  2  3  4  5  6  7  8  9 10 11 |
---------------+----------------------------------+-----
Axes           | 3 4 5 6 7 |  7.9
Fighting       | 4 5 6 7 9 11 | 11.8
Armour         | 4 5 6 8 10 11 | 11.0
Shields        | 4 5 6 8 10 | 10.9

Action                   |  1- 3 |  4- 6 |  7- 9 | 10-12 || total
-------------------------+-------+-------+-------+-------++-------
Melee: War axe           |    95 |   193 |   251 |       ||   539
       Katana            |       |       |   106 |   206 ||   312
Invok: Heroism           |       |       |     1 |     2 ||     3
       Finesse           |       |       |       |     1 ||     1
  Use: Scroll            |       |     2 |     4 |     5 ||    11
       Potion            |       |       |     1 |     1 ||     2
  Eat: Chunk             |     1 |     5 |    17 |     7 ||    30
Armor: Scale mail        |    47 |   124 |   188 |    90 ||   449
Dodge: Dodged            |    34 |    85 |   130 |    62 ||   311
Block: Shield            |    67 |   159 |   214 |   124 ||   564
       Rpst.: Katana     |       |       |    13 |    18 ||    31
